 Dungeon Crawl Stone Soup version 0.17-a0-2127-g1cb09f6 (webtiles) character file.

4282 Maka the Martial Artist (level 10, -2/86 HPs)
             Began as a Purple Draconian Transmuter on Oct 21, 2015.
             Slain by a spatial maelstrom (8 damage)
             ... on level 1 of the Abyss on Oct 22, 2015.
             The game lasted 00:22:20 (10027 turns).

Maka the Martial Artist (DrTm)                     Turns: 10027, Time: 00:22:20

Health: -2/86      AC: 14    Str: 13    XL:     10   Next: 10%
Magic:  16/16      EV: 15    Int: 14    God:
Gold:   707        SH:  0    Dex: 14    Spells: 3 memorised, 11 levels left

rFire  . . .     SeeInvis .       - Unarmed
rCold  + . .     Clarity  +     (armour unavailable)
rNeg   . . .     SustAt   .     (no shield)
rPois  .         Gourm    .     (helmet restricted)
rElec  .         Spirit   .     (no cloak)
rCorr  .         Warding  .     r - +2 pair of gloves
rMut   .         Stasis   .     u - +1 pair of boots
MR     +....                    m - amulet of clarity
Stlth  +.........               v - +2 ring of protection
                                n - ring of protection from cold

@: about to teleport, somewhat resistant to hostile enchantments, very
unstealthy
A: breathe power, unfitting armour, cold-blooded, AC +7
a: Breathe Dispelling Energy


You were on level 1 of the Abyss.
You were not hungry.

You visited 2 branches of the dungeon, and saw 9 of its levels.
You visited the Abyss 1 time.
You also visited: Bailey.

You collected 707 gold pieces.

Inventory:

Hand Weapons
 F - a +0 whip of electrocution
Missiles
 a - 26 arrows
Armour
 r - a +2 pair of gloves (worn)
 u - a +1 pair of boots (worn)
Jewellery
 i - an uncursed amulet of guardian spirit
 m - an amulet of clarity (around neck)
 n - a ring of protection from cold (left hand)
 t - an uncursed ring of sustain attributes
 v - a +2 ring of protection (right hand)
Wands
 g - a wand of lightning (0)
Scrolls
 f - 3 scrolls of fear
 j - 3 scrolls of identify
 o - 4 scrolls of enchant armour
 s - 2 scrolls of recharging
 y - 2 scrolls of remove curse
 C - a scroll of amnesia {unknown}
 E - a scroll of fog {unknown}
Potions
 d - a potion of might
 e - 2 potions of lignification
 h - 4 potions of curing
 k - a potion of flight {unknown}
 l - a potion of haste
 p - 2 potions of cure mutation {unknown}
 q - 3 potions of agility {unknown}
 w - a potion of resistance {unknown}
 x - a potion of invisibility {unknown}
 A - 2 potions of heal wounds {unknown}
 B - a potion of poison {unknown}
 D - a potion of berserk rage
Books
 b - a book of Changes

   Spells                             Type                      Level
   a - Beastly Appendage              Transmutation                1
   b - Sticks to Snakes               Transmutation                2
   c - Spider Form                    Transmutation/Poison         3
   d - Ice Form                       Ice/Transmutation            4
   e - Blade Hands                    Transmutation                5
Comestibles
 c - 6 bread rations


   Skills:
 + Level 7.6 Fighting
 - Level 6.0 Dodging
 - Level 11.0 Unarmed Combat
 - Level 4.0 Spellcasting
 - Level 3.2 Transmutations


You had 11 spell levels left.
You knew the following spells:

 Your Spells              Type           Power        Failure   Level  Hunger
a - Beastly Appendage     Trmt           ##....       6%          1    None
b - Sticks to Snakes      Trmt           ##........   10%         2    ##.....
c - Spider Form           Trmt/Pois      #.........   30%         3    ###....


Dungeon Overview and Level Annotations

Branches:
Dungeon (8/15)             Temple (1/1) D:6
   Lair: D:8-11

Altars:
Ashenzari
Dithmenos
Fedhas
Gozag
Kikubaaqudgha
Makhleb
Nemelex Xobeh
Qazlal
Sif Muna
Trog
Vehumet
Xom
Yredelemnul
The Shining One

Shops:
D:5 [

Annotations:
D:8 Erolcha, Psyche


Innate Abilities, Weirdness & Mutations

You can breathe bolts of dispelling energy.
Your rich purple scales are hard (AC +7).
Your body does not fit into most forms of armour.
You are cold-blooded and may be slowed by cold attacks.


Message History

The spatial maelstrom closely misses you.
The spatial maelstrom misses you.
The spatial maelstrom closely misses you.
The spatial maelstrom barely misses you.
A spatial vortex comes into view.
A spatial vortex comes into view.
A spatial vortex and a blue devil come into view.
You punch the blue devil!
The blue devil is moderately wounded.
The spatial maelstrom hits you but does no damage.
The spatial maelstrom hits you.
* * * LOW HITPOINT WARNING * * *
Space bends around you.
* * * LOW HITPOINT WARNING * * *
The blue devil hits you!
* * * LOW HITPOINT WARNING * * *
A spatial vortex comes into view.
A worldbinder comes into view.
The spatial maelstrom hits you!
You die...

##.#..#.# #.. #.
#.### #. ### ###.##..
§ # # # ##.#...##x§
.... ..#.#.#...#.#§#
# .. ...#.. ##....
x.#.# .....
#..##...4##...
.#.....#.#...####§###
###...#.###vv@...# ..
#.§.....##..#.## .#
####.#..v.X.# ..
..... .#.##3.v....##
#.#.......5#.v##....
#..##v3.5.5##.##.##
#.. ............##.#
.. . #..#.#####.. . #
#..# .#.#. ...


You could see a spatial maelstrom, 4 spatial vortices, a large abomination, a
worldbinder (wandering), a neqoxec, an iron imp, a white imp and a shadow imp.

Vanquished Creatures
  Erica (D:8)
  An orc knight (Bailey)
  Grum (D:8)
  A hungry ghost (D:7)
  2 wolves (D:8)
  A sky beast (D:7)
  3 orc warriors (Bailey)
  4 slaves (D:6)
  A phantom (D:7)
  2 ice beasts
  3 ogres
  A centaur (D:6)
  7 giant frogs
  A big kobold (D:7)
  A gnoll sergeant (D:7)
  A crimson imp (D:6)
  A centaur zombie (D:7)
  3 wights (D:7)
  5 orc priests
  2 centaur skeletons (D:6)
  7 orc wizards
  A jelly (D:6)
  A giant frog skeleton (D:7)
  A hound (D:8)
  Terence (D:2)
  3 iguanas
  6 worker ants
  12 gnolls
  2 worker ant zombies
  13 adders
  2 shadow imps
  An ooze (D:1)
  2 worms
  39 orcs
  9 bats
  4 giant cockroaches
  2 gnoll zombies (D:4)
  15 goblins
  16 hobgoblins
  4 jackals (D:8)
  4 quokkas
  3 ball pythons
  A giant cockroach zombie (D:6)
  2 giant geckos
  8 giant newts
  A jackal skeleton (D:5)
  27 kobolds
  8 rats
237 creatures vanquished.

Vanquished Creatures (collateral kills)
  A kobold (Bailey)
1 creature vanquished.

Grand Total: 238 creatures vanquished

Notes
Turn   | Place    | Note
--------------------------------------------------------------
     0 | D:1      | Maka the Draconian Transmuter began the quest for the Orb.
     0 | D:1      | Reached XP level 1. HP: 16/16 MP: 3/3
   198 | D:1      | Reached XP level 2. HP: 8/23 MP: 3/5
   703 | D:1      | Reached skill level 4 in Unarmed Combat
   773 | D:1      | Reached XP level 3. HP: 23/28 MP: 6/6
  1593 | D:2      | Noticed Terence
  1632 | D:2      | Killed Terence
  1632 | D:2      | Reached skill level 5 in Unarmed Combat
  1632 | D:2      | Reached XP level 4. HP: 21/35 MP: 5/7
  1800 | D:3      | Found a shattered altar of Ashenzari.
  2037 | D:3      | Found an opulent altar of Gozag.
  2205 | D:3      | Reached XP level 5. HP: 37/40 MP: 8/8
  2217 | D:3      | Learned a level 2 spell: Sticks to Snakes
  2221 | D:3      | Learned a level 3 spell: Spider Form
  2550 | D:3      | Found a shimmering altar of Xom.
  3096 | D:4      | Reached XP level 6. HP: 42/47 MP: 7/9
  3512 | D:4      | Found a basalt altar of Yredelemnul.
  3734 | D:4      | Noticed an ogre
  3780 | D:4      | Killed an ogre
  3918 | D:5      | Entered Level 5 of the Dungeon
  3939 | D:5      | Found Eqoysmoe's Antique Armour Emporium.
  3999 | D:5      | Your scales start taking on a rich purple colour.
  3999 | D:5      | Reached XP level 7. HP: 30/52 MP: 12/12
  5073 | D:6      | Reached skill level 6 in Unarmed Combat
  5111 | D:6      | Found a sparkling altar of Nemelex Xobeh.
  5210 | D:6      | Reached skill level 7 in Unarmed Combat
  5488 | D:6      | Reached XP level 8. HP: 59/59 MP: 12/14
  5495 | D:6      | Found an ancient bone altar of Kikubaaqudgha.
  5672 | D:6      | Reached skill level 8 in Unarmed Combat
  5767 | D:6      | Found a staircase to the Ecumenical Temple.
  5776 | Temple   | Entered the Ecumenical Temple
  6387 | D:7      | Reached skill level 9 in Unarmed Combat
  6692 | D:7      | Reached skill level 10 in Unarmed Combat
  6707 | D:7      | HP: 2/59 [gnoll/whip of electrocution (10)]
  7494 | D:7      | Reached XP level 9. HP: 36/64 MP: 15/15
  7754 | D:7      | Reached skill level 11 in Unarmed Combat
  7851 | D:7      | Found a stormy altar of Qazlal.
  8031 | D:7      | Reached skill level 5 in Dodging
  8205 | D:8      | Upgraded the game from 0.17-a0-2122-g03d97ec to 0.17-a0-2127-g1cb09f6
  8206 | D:8      | Noticed Psyche
  8242 | D:8      | Found a flagged portal.
  8280 | D:8      | Noticed Erica
  8290 | Bailey   | Entered a bailey
  8509 | Bailey   | Noticed an orc knight
  8520 | Bailey   | Killed an orc knight
  8561 | Bailey   | Reached skill level 5 in Fighting
  9095 | D:8      | Killed Erica
  9095 | D:8      | Reached XP level 10. HP: 39/86 MP: 9/16
  9226 | D:8      | Noticed Grum
  9507 | D:8      | Killed Grum
  9611 | D:8      | Noticed Erolcha
  9856 | D:8      | Cast into the Abyss (Psyche)
 10003 | Abyss:1  | Noticed an Executioner
 10016 | Abyss:1  | Noticed a spatial maelstrom
 10027 | Abyss:1  | Noticed a worldbinder
 10027 | Abyss:1  | Slain by a spatial maelstrom

Vault maps used:
D:1:      elethiomel_arrival_quiet
D:2:      first_bread, uniq_terence
D:3:      nicolae_gozag_cash_rules_everything_around_me, tgw_xom,
          nicolae_ashenzari_panopticon
D:4:      lemuel_zombie_altar_yredelemnul, item_on_display_a
D:5:      serial_shops, nicolae_shop_behind_doors
D:6:      old_standard_altar, kennysheep_mini_moat, minmay_temple_entry_mist,
          uniq_pikel
D:7:      lemuel_doored_altar
D:8:      lair_0_dummy, enter_bailey_2, uniq_grum, uniq_erica, uniq_erolcha,
          uniq_psyche
Temple:   minmay_temple_bridge_a_8
Bailey:   bailey_axe_1, bailey

Action                   |  1- 3 |  4- 6 |  7- 9 | 10-12 || total
-------------------------+-------+-------+-------+-------++-------
Melee: Unarmed           |   193 |   258 |   594 |    40 ||  1085
 Cast: Beastly Appendage |     5 |    20 |    27 |     4 ||    56
       Sticks to Snakes  |       |     1 |    17 |     5 ||    23
Evoke: Wand              |       |       |       |     2 ||     2
  Use: Scroll            |       |     5 |     8 |     1 ||    14
       Potion            |       |       |     1 |       ||     1
 Stab: Sleeping          |       |     2 |       |       ||     2
       Distracted        |       |     1 |       |       ||     1
  Eat: Chunk             |     2 |     7 |     5 |     1 ||    15
       Beef jerky        |       |     1 |     1 |       ||     2
       Pizza             |       |       |     1 |       ||     1
       Meat ration       |       |       |     3 |       ||     3
       Bread ration      |       |       |       |     1 ||     1
